 Dungeon Crawl Stone Soup version 0.26.0-20-g3ca415f5b8 (webtiles) character file.

Game seed: 13132124183492694690

77 Gauvater the Firebug (level 4, -1/27 HPs)
             Began as an Octopode Fire Elementalist on Jan 25, 2021.
             Shot with a stone by a goblin (4 damage)
             ... led by Robin
             ... on level 2 of the Dungeon.
             The game lasted 00:07:52 (1773 turns).

Gauvater the Firebug (Octopode Fire Elementalist)   Turns: 1773, Time: 00:07:53

Health: -1/27      AC:  1    Str:  7    XL:     4   Next: 33%
Magic:  3/8        EV: 13    Int: 18    God:
Gold:   51         SH:  0    Dex: 12    Spells: 7/8 levels left

rFire    . . .     SeeInvis .   (no weapon)
rCold    . . .     Faith    .   (no shield)
rNeg     . . .     Spirit   .   (helmet restricted)
rPois    .         Reflect  .   (no amulet)
rElec    .         Harm     .   (no ring)
rCorr    .         Rampage  .   (no ring)
Will     .....                  (no ring)
Stlth    +++.......             (no ring)
HPRegen  0.09/turn              (no ring)
MPRegen  0.11/turn              (no ring)
                                (no ring)
                                (no ring)

@: no status effects
A: almost no armour, stealthy swim, amphibious, 8 rings, constrict 8, camouflage
1, gelatinous body 1
a: no special abilities


You were on level 2 of the Dungeon.
You visited 1 branch of the dungeon, and saw 2 of its levels.

You collected 51 gold pieces.

Inventory:

Missiles
 b - 11 boomerangs (quivered)
 g - 35 arrows
Scrolls
 d - a scroll of enchant weapon {unknown}
 h - a scroll of remove curse {unknown}
 i - a scroll of identify {unknown}
 j - a scroll of fog {unknown}
Potions
 a - a potion of invisibility {unknown}
 c - a potion of curing {unknown}
 e - 2 potions of berserk rage {unknown}
 f - a potion of might {unknown}


   Skills:
 + Level 1.0 Throwing
 + Level 2.2 Dodging
 + Level 3.3 Stealth
 + Level 2.8 Spellcasting
 + Level 1.4 Conjurations
 + Level 3.6 Fire Magic


You had 7 spell levels left.
You knew the following spells:

 Your Spells              Type           Power        Failure   Level
a - Foxfire               Conj/Fire      44%          6%          1

Your spell library contained the following spells:

 Spells                   Type           Power        Failure   Level
 Conjure Flame            Conj/Fire      11%          17%         3
 Inner Flame              Hex/Fire       9%           24%         3
 Sticky Flame             Conj/Fire      11%          50%         4
 Fireball                 Conj/Fire      5%           85%         5


Dungeon Overview and Level Annotations

Branches:
Dungeon (2/15)

Altars:
Kikubaaqudgha


Innate Abilities, Weirdness & Mutations

You cannot wear most types of armour.
You are very stealthy in the water. (Stealth+)
You are amphibious.
You can wear up to eight rings at the same time.
You can use your tentacles to constrict eight enemies at once.
Your skin changes colour to match your surroundings (Stealth+).
Your rubbery body absorbs attacks. (AC +1, EV +1)


Message History

Unknown command.
The goblin shoots a stone.
The stone misses you.
You see here a stone.
The goblin shoots a stone.
The stone hits you but does no damage.
The goblin shoots a stone.
The stone misses you.
You see here a ring mail.
The goblin shoots a stone.
The stone hits you.
* * * LOW HITPOINT WARNING * * *
You see here a stone.
The goblin shoots a stone.
The stone hits you.
* * * LOW HITPOINT WARNING * * *
You see here a stone.
Casting: Foxfire (safe; 6% risk of failure)
Confirm with . or Enter, or press ? or * to list all spells.
You conjure some foxfire!
Your foxfire dissipates!
The foxfire hits the goblin.
The goblin is severely wounded.
The goblin shoots a stone.
The stone hits you.
You die...

.#g....#.#########
.........# #(..[#
#........# ##.##g#
##.......# #..##.#
#...g...# #.###§#
#.......###(# #§#
#######g##g.# #§#
#.##.## #(#
####.##.# #@#
#####.....).# #.#
........###.# #.#
.####...# #.# #.#
......).###(# #.#
##.#...#....# #.#
##.###.#.##.## #.#
#..###...#..[.##.#
#.##........§.##.#


You could see a goblin.

Vanquished Creatures
  Jessica (D:2)
  Robin (D:2)
  A worm (D:2)
  2 dart slugs (D:1)
  A leopard gecko (D:1)
  A ball python (D:2)
  3 bats
  7 goblins
  7 hobgoblins
  6 frilled lizards
  2 rats (D:1)
32 creatures vanquished.

Vanquished Creatures (others)
  91 foxfires
91 creatures vanquished.

Grand Total: 123 creatures vanquished

Notes
Turn   | Place    | Note
-------+----------+-------------------------------------------
     0 | D:1      | Gauvater the Octopode Fire Elementalist began the quest for
                  | the Orb.
     0 | D:1      | Reached XP level 1. HP: 11/11 MP: 3/3
   121 | D:1      | Reached XP level 2. HP: 11/17 MP: 0/5
   824 | D:1      | Reached XP level 3. HP: 21/21 MP: 4/6
  1335 | D:2      | Noticed Jessica
  1410 | D:2      | Killed Jessica
  1411 | D:2      | Reached skill level 1 in Throwing
  1502 | D:2      | Reached XP level 4. HP: 27/27 MP: 5/7
  1696 | D:2      | Found an ancient bone altar of Kikubaaqudgha.
  1723 | D:2      | Noticed Robin
  1753 | D:2      | Killed Robin
  1773 | D:2      | Shot with a stone by a goblin

Illustrated notes

Levels and vault maps discovered:
D:1:      heliophobic_arrival_enchanted_forest, layout_basic,
          minmay_fountain_box
D:2:      minmay_angry_zag, layout_rooms, lemuel_crystal_altar, uniq_jessica,
          uniq_robin

Skill      XL: |  1  2  3 |
---------------+----------+-----
Stealth        | 3 |  3.3
Throwing       | 1 |  1.0
Dodging        | |  2.2
Spellcasting   | |  2.8
Conjurations   | |  1.4
Fire Magic     | |  3.6

Action                   |  1- 3 |  4- 6 || total
-------------------------+-------+-------++-------
Melee: Unarmed           |     9 |     3 ||    12
       Constrict         |     3 |     1 ||     4
       Tentacles         |     3 |     2 ||     5
Throw: Boomerang         |    15 |       ||    15
 Cast: Foxfire           |    36 |    14 ||    50
Armor: Skin              |     1 |       ||     1
Dodge: Dodged            |     8 |     6 ||    14
